Map: Apotheosis LE

Players

Fropez - Winner!

  • Race: Protoss Protoss
  • League: Gold
  • Spawn Location: 5:00

WAD

  • Race: Terran Terran
  • League: Gold
  • Spawn Location: 11:00

VOD

Have the link to the VOD?

Description

Time

  • Played on: Sept. 28, 2016, 11:18 a.m.
  • Length: 6:45
Show
View Real Time Build Order
Export as new Build Order

Fropez Protoss - Winner!

Build Orders:  

Get SALT Encoding   

  12  0:01  Probe (Chrono Boost)  
  13  0:14  Pylon  
  13  0:22  Probe (Chrono Boost)  
  14  0:33  Gateway  
  14  0:35  Probe (Chrono Boost)  
  15  0:49  Probe (Chrono Boost)  
  16  0:54  Pylon  
  16  0:55  Assimilator  
  16  1:00  Probe (Chrono Boost)  
  17  1:10  Probe (Chrono Boost)  
  17  1:21  Gateway  
  17  1:25  Gateway  
  18  1:37  Cybernetics Core  
  17  1:47  Probe (Chrono Boost)  
  18  1:51  Assimilator  
  18  1:57  Probe (Chrono Boost)  
  20  2:14  Mothership Core (Chrono Boost)  
  21  2:22  Warp Gate (Chrono Boost)  
  21  2:32  Pylon  
  21  2:44  Probe  
  22  2:56  Nexus  
  22  2:58  Probe  
  23  3:13  Pylon, Probe  
  24  3:29  Robotics Facility  
  24  3:36  Twilight Council  
  24  3:42  Probe  
  25  3:55  Probe  
  26  4:17  Probe  
  26  4:18  Probe  
  26  4:20  Adept x3  
  34  4:27  Resonating Glaives (Chrono Boost)  
  34  4:28  Warp Prism  
  36  4:44  Adept  
  38  4:58  Pylon  
  36  5:02  Pylon  
  36  5:06  Probe  
  37  5:15  Probe  
  37  5:17  Gateway x2  
  37  5:20  Gateway  
  38  5:21  Probe  
  38  5:23  Assimilator  
  38  5:26  Probe  
  40  5:33  Probe  
  41  5:37  Probe  
  42  5:50  Adept x3  
  46  6:13  Adept x3  
  50  6:35  Adept x3  
Show
View Real Time Build Order
Export as new Build Order

WAD Terran 

Build Orders:  

Get SALT Encoding   

  12  0:02  SCV  
  13  0:14  SCV  
  13  0:19  Supply Depot  
  14  0:27  SCV  
  15  0:40  SCV  
  16  0:43  Barracks  
  16  0:53  SCV  
  16  0:56  Supply Depot  
  17  1:05  SCV  
  18  1:17  SCV  
  19  1:27  Refinery  
  19  1:29  SCV  
  20  1:36  Supply Depot  
  20  1:41  Marine, SCV  
  22  1:58  Barracks  
  22  2:01  Marine, Barracks  
  22  2:06  Orbital Command  
  23  2:08  Refinery  
  23  2:19  Marine  
  24  2:32  SCV  
  24  2:37  Marine  
  26  2:47  Barracks  
  26  2:48  Barracks  
  26  2:49  Marine x2  
  28  3:00  Marine  
  28  3:05  SCV  
  30  3:06  Engineering Bay  
  30  3:07  Marine x2  
  32  3:19  Marine  
  33  3:25  Marine x2  
  35  3:35  Marine x2  
  35  3:36  Missile Turret  
  37  3:42  Marine  
  37  3:43  Marine  
  39  3:49  Bunker  
  39  3:52  Marine  
  39  3:53  Marine  
  40  4:10  Bunker  
  37  4:51  Marine x4  
  36  5:08  Marine  
  36  5:09  Marine x3  
  36  5:10  Factory  
  40  5:16  Marine  
  41  5:26  Marine x2  
  41  5:27  Marine x2  
  45  5:34  Barracks Tech Lab  
  45  5:44  Marine x3  
  45  5:45  Marine  
  45  5:49  Command Center  
  48  6:02  Marine x3  
  48  6:03  Marine  
  32  6:21  Marine  
  29  6:26  Factory Tech Lab  
Tags
 
League
GoldGold
Matchup
PvT
Replay Pack
All Mines
Spawn Locations
Cross Positions
Add a new tag
Caveats
  • Supply blocks, unpowered buildings, or Contaminate may cause inaccurate times.
  • Supply counts are checked every 10 seconds.